[Event "Live Chess"]
[Site "Chess.com"]
[Date "2024.06.01"]
[Round "-"]
[White "WorcesterYork"]
[Black "WilliamofOrange16th"]
[Result "1-0"]
[WhiteElo "2500"]
[BlackElo "1973"]
[TimeControl "300"]
[EndTime "13:03:13 PDT"]
[Termination "WorcesterYork won by resignation"]

1. e4 d6 2. d4 Nf6 3. Nc3 Nbd7 4. Nge2 e5 5. h3 exd4 6. Nxd4 Nc5 7. Bd3 a5 8. O-O Be7 9. f4 O-O 10. Qf3 c6 11.
Be3 Qc7 12. Rae1 b5 13. Kh1 b4 14. Nce2 d5 15. e5 Nfe4 16. Ng3 Nxd3 17. cxd3 Nxg3+ 18. Qxg3 c5 19. Nf3 d4 20. Bc1 Bf5 21. Nd2 Qd8 22.
Qf3 h5 23. g4 hxg4 24. hxg4 Be6 25. Kg2 Bd5 26. Ne4 a4 27. Rh1 f5 28. exf6 Bxf6 29.
Kg3 g5 30. f5 Be5+ 31. Kg2 Kg7 32. Rh5 Bxe4 33. Qxe4 Bf6 34. Reh1 1-0

[Event "Live Chess"]
[Site "Chess.com"]
[Date "2024.06.01"]
[Round "-"]
[White "Duke_of_Bebington"]
[Black "WelshTiger"]
[Result "0-1"]
[WhiteElo "1592"]
[BlackElo "2543"]
[TimeControl "300"]
[EndTime "13:03:38 PDT"]
[Termination "WelshTiger won by resignation"]

1. e4 c5 2. c3 g6 3. d4 cxd4 4.
cxd4 d5 5. e5 Bg7 6. Nc3 Nh6 7.
Bd3 Nf5 8. Nf3 Nc6 9. Be3 Nxe3 10. fxe3 f6 11. exf6 exf6 12. O-O Be6 13. a3 O-O 14. Qd2 Rc8 15. b4 Re8 16. Rae1 Bf7 17. Na4 b6 18. Nc3 Qd6 19. e4 dxe4 20. Nxe4 Qd7 21. Bc2 Bc4 22.
Rf2 Rcd8 23. Qc3 Bd5 24. Nfd2 f5 25. Ng5 Bxd4 26. Rxe8+ Rxe8 27. Qh3 Re1+ 28. Nf1 Bxf2+ 29. Kxf2 Re7 30. Ne3 Ba2 31. Nf3 Nd4 32. Nxd4 Qxd4 0-1

[Event "Live Chess"]
[Site "Chess.com"]
[Date "2024.06.01"]
[Round "-"]
[White "Brooms1989"]
[Black "matt1979"]
[Result "1-0"]
[WhiteElo "1099"]
[BlackElo "1387"]
[TimeControl "300"]
[EndTime "13:03:42 PDT"]
[Termination "Brooms1989 won on time"]

1. e4 d6 2. d4 Nf6 3. Nc3 Nbd7 4. Nf3 e5 5. dxe5 dxe5 6. Bc4 Bb4 7. Bd2 O-O 8. a4 c6 9. O-O Nc5 10. Re1 Bg4 11.
h3 Bxf3 12. Qxf3 Bxc3 13. Bxc3 Re8 14. Rad1 Qc7 15. b3 a6 16. Rd2 b5 17. axb5 axb5 18. Be2 Ncxe4 19. Rd3 Nxc3 20. Rxc3 Ra6 21. Bxb5 Rb6 22.
Rxc6 Rxc6 23. Qxc6 Qxc6 24. Bxc6 Rc8 25. Rd1 h6 26. Rd6 Kf8 27. c4 Ke7 28. c5 Rb8 29.
Ba4 Ne4 30. Rb6 Rc8 31. c6 Nd6 32. Rb4 Rc7 33. Rg4 g6 34. b4 h5 35. Rg3 Nc8 36.
b5 Nb6 37. Bd1 Kd6 38. Be2 Kc5 39. Rc3+ Kd6 40. g3 f6 41. Kg2 Nd5 42. Rd3 Kc5 43. Rd1 Nc3 44. Rc1 Kb4 45. Bd3 Nxb5 46. Bxb5 Kxb5 47. Kf3 Rxc6 48. Rxc6 Kxc6 49. Ke4 Kc5 50. f3 1-0

[Event "Live Chess"]
[Site "Chess.com"]
[Date "2024.06.01"]
[Round "-"]
[White "NottheBishopSacrifice"]
[Black "PureDashingOctopus"]
[Result "0-1"]
[WhiteElo "2247"]
[BlackElo "2269"]
[TimeControl "300"]
[EndTime "13:03:42 PDT"]
[Termination "PureDashingOctopus won by resignation"]

1. d4 Nf6 2. Nf3 g6 3. g3 Bg7 4. Bg2 O-O 5. O-O d5 6. b4 c6 7. Bd2 Nbd7 8. a4 Nb6 9. a5 Nc4 10. Na3 Nxd2 11. Nxd2 Ne4 12. Nxe4 dxe4 13. c3 Bf5 14. e3 e5 15. Nc4 exd4 16. cxd4 Qe7 17. Qb3 Be6 18. Rac1 Bd5 19. Qb1 f5 20. Na3 g5 21.
Rc5 f4 22. Rfc1 b6 23. axb6 axb6 24. R5c3 fxg3 25. hxg3 Ra4 26. Nc4 Rxb4 27. Qc2 b5 28. Na5 Ra4 29. Nxc6 Qe6 30. Rb1 Ra2 31. Rb2 Rxb2 32. Qxb2 Bxc6 33. Qb4 Qf6 34. Rc2 Ra8 35. Qc5 Ra1+ 36. Rc1 Rxc1+ 37. Qxc1 Qd6 38. Qb1 Qd5 39. Qa1 b4 40. Qa7 b3 41. Qb8+ Bf8 42. Bh3 h5 43. Bc8 Kf7 44. Qa7+ Be7 45. Qb6 Qb5 46.
Qc7 b2 0-1

[Event "Live Chess"]
[Site "Chess.com"]
[Date "2024.06.01"]
[Round "-"]
[White "bobby_jamesFischer86"]
[Black "Tushinskiy"]
[Result "0-1"]
[WhiteElo "1618"]
[BlackElo "2260"]
[TimeControl "300"]
[EndTime "13:04:01 PDT"]
[Termination "Tushinskiy won by resignation"]

1. d4 d5 2. c4 c6 3. Nc3 e6 4. cxd5 exd5 5. Nf3 Nf6 6. Bg5 Be7 7. e3 O-O 8. Bd3 Bg4 9. h3 Bh5 10.
Be2 Nbd7 11. O-O Re8 12. Ne5 Bg6 13. f4 Be4 14. Nxd7 Qxd7 15. Bxf6 Bxf6 16. Nxe4 Rxe4 17.
Qd2 Rae8 18. Rf3 Qe7 19. Kf2 Bxd4 20. Re1 Bxe3+ 21. Rxe3 Rxe3 0-1

[Event "Live Chess"]
[Site "Chess.com"]
[Date "2024.06.01"]
[Round "-"]
[White "gmnorfolk"]
[Black "SavagePawn7"]
[Result "1-0"]
[WhiteElo "2072"]
[BlackElo "680"]
[TimeControl "300"]
[EndTime "13:04:10 PDT"]
[Termination "gmnorfolk won by resignation"]

1. c4 e5 2. Nc3 Nf6 3. Nf3 e4 4.
Ng5 Nc6 5. Ngxe4 Nxe4 6. Nxe4 Bb4 7. a3 Ba5 8. b4 Bb6 9. c5 Bxc5 10. bxc5 d5 11.
cxd6 cxd6 12. Bb2 f6 13. g3 d5 14. Nc3 Bg4 15. Bg2 1-0

[Event "Live Chess"]
[Site "Chess.com"]
[Date "2024.06.01"]
[Round "-"]
[White "ProfPoisson"]
[Black "FlyingChessKestrel13"]
[Result "0-1"]
[WhiteElo "1278"]
[BlackElo "2078"]
[TimeControl "300"]
[EndTime "13:04:13 PDT"]
[Termination "FlyingChessKestrel13 won by resignation"]

1. e4 c5 2. Nc3 Nc6 3. f4 e6 4. Bb5 a6 5. Bxc6 bxc6 6. Nf3 d5 7. e5 Ne7 8. O-O Ng6 9. d3 Be7 10. b3 O-O 11. Qd2 f6 12. Ba3 fxe5 13. Nxe5 Nxe5 14.
fxe5 Bd7 15. Na4 Qc7 16. Bxc5 Rxf1+ 17. Rxf1 Be8 18. d4 Bg6 19. Bxe7 Qxe7 20. Nc5 a5 21. a4 h6 22. c3 Bf5 23. Rf3 Rf8 24. Rg3 Qf7 25. Qxh6 Bg6 26. Qc1 Qf2+ 27. Kh1 Qf1+ 0-1

[Event "Live Chess"]
[Site "Chess.com"]
[Date "2024.06.01"]
[Round "-"]
[White "stevochess11"]
[Black "lateforthesky"]
[Result "0-1"]
[WhiteElo "1706"]
[BlackElo "2156"]
[TimeControl "300"]
[EndTime "13:04:17 PDT"]
[Termination "lateforthesky won by resignation"]

1. d4 Nf6 2. Nf3 g6 3. Nc3 d5 4.
Bf4 Bg7 5. e3 O-O 6. Be2 a6 7.
Ne5 c6 8. h4 h5 9. f3 Nbd7 10.
g4 hxg4 11. fxg4 Nxe5 12. Bxe5 Ne4 13. Bxg7 Kxg7 14. Nxe4 dxe4 15. Qd2 e5 16. O-O-O exd4 17. Qxd4+ Qxd4 18. Rxd4 f5 19. gxf5 gxf5 20. Rg1+ Kf6 21.
Bh5 Be6 22. Rg6+ Ke7 23. Rg7+ Kf6 24. Rg6+ Ke5 25. Be2 Rg8 26. Rxe6+ Kxe6 27. Bc4+ Ke7 28. Bxg8 Rxg8 29. Rb4 b5 30. a4 Rh8 31. axb5 axb5 32. c4 bxc4 33. Rxc4 Kd6 34. b4 Rxh4 35. Rc5 f4 36.
exf4 Rxf4 37. Kd2 e3+ 38. Ke2 Rxb4 39. Rh5 Rb3 40. Rh6+ Kc5 41. Rh5+ Kb6 42. Re5 c5 43. Rxe3 Rxe3+ 44. Kxe3 Kb5 45. Kd2 Kb4 46. Kd1 Kb3 47. Kc1 Kc3 48. Kd1 Kb2 49. Kd2 c4 0-1

[Event "Live Chess"]
[Site "Chess.com"]
[Date "2024.06.01"]
[Round "-"]
[White "Stanbad1"]
[Black "Isambard_Thomas"]
[Result "1-0"]
[WhiteElo "2667"]
[BlackElo "2165"]
[TimeControl "300"]
[EndTime "13:04:19 PDT"]
[Termination "Stanbad1 won by resignation"]

1. d4 Nf6 2. Nc3 d5 3. Bf4 c6 4. e3 e6 5. Nf3 Bd6 6. Ne5 Qc7 7. Qf3 Nbd7 8. Qg3 Nh5 9. Qg4 Ndf6 10. Qf3 Nxf4 11.
exf4 a6 12. O-O-O b5 13. g3 b4 14. Na4 a5 15. Be2 Ne4 16. Qe3 O-O 17. f3 Nf6 18. Bd3 Ba6 19. b3 Bb5 20. Nc5 Bxc5 21. dxc5 a4 22. Qd4 Bxd3 23. Nxd3 axb3 24. axb3 Rfb8 25. Rhe1 Nd7 26. Nxb4 Qa5 27. Nxc6 Qa3+ 28. Kd2 Qxc5 29. Qxc5 Nxc5 30. Nxb8 Rxb8 31. Ra1 h5 32. Ra5 Nd7 33. f5 Rb6 34. fxe6 fxe6 35. Ra7 Nf6 36. Re7 Rd6 37. R7xe6 Rxe6 38. Rxe6 Kf7 39. Rc6 g5 40. b4 g4 41. f4 Ne4+ 42. Ke3 Ke7 43. Kd4 Nf6 44.
Rxf6 Kxf6 45. Kxd5 1-0

[Event "Live Chess"]
[Site "Chess.com"]
[Date "2024.06.01"]
[Round "-"]
[White "chessfiction"]
[Black "Plato_77"]
[Result "1-0"]
[WhiteElo "2395"]
[BlackElo "1362"]
[TimeControl "300"]
[EndTime "13:04:28 PDT"]
[Termination "chessfiction won on time"]

1. e4 c5 2. d4 cxd4 3. c3 Nf6 4. e5 Nd5 5. Nf3 Nc6 6. Bc4 e6 7. Bxd5 exd5 8. cxd4 d6 9. O-O Be7 10. Nc3 dxe5 11. dxe5 O-O 12. Nxd5 Bc5 13. Bg5 Qa5 14. a3 Be6 15. b4 Bxf2+ 16. Rxf2 Qxd5 17. Qxd5 Bxd5 18.
Bf4 h6 19. Rd1 Rfd8 20. Rfd2 Bb3 21. Rxd8+ Rxd8 22. Rxd8+ Nxd8 23. Nd4 Bd5 24. Nf5 Kf8 25. Be3 b6 26. Nd6 Nc6 27. Bf4 g5 28. Bg3 Nd4 29.
Nc8 Nc6 30. b5 Nd4 31. Nxa7 Bc4 32. a4 Bb3 33. Bf2 Ne2+ 34. Kf1 Nc3 35. Bxb6 Nxa4 36. Bd4 Bc4+ 37. Kf2 Bd5 38. b6 Ke7 39. Nb5 Kd7 40. Nd6 Ke6 41. b7 Bxb7 42. Nxb7 Kd5 43. Ba1 Nb6 44. Nd8 Nc4 45. Nxf7 Ke6 46. Nxh6 Nxe5 47. Bxe5 Kxe5 48. Nf7+ Kf5 49. Nxg5 Kxg5 50. Kg3 Kh5 51. h4 Kh6 52. Kh3 Kh7 53. g4 Kg7 54. Kg3 Kh8 55.
Kf4 Kh7 56. Kg5 Kg7 57. h5 Kh8 58. Kf5 Kg8 59. g5 Kg7 60. Kg4 Kh8 61. g6 1-0

[Event "Live Chess"]
[Site "Chess.com"]
[Date "2024.06.01"]
[Round "-"]
[White "NomisY"]
[Black "grillage"]
[Result "1-0"]
[WhiteElo "2284"]
[BlackElo "1868"]
[TimeControl "300"]
[EndTime "13:04:35 PDT"]
[Termination "NomisY won on time"]

1. d4 e6 2. c4 Bb4+ 3. Bd2 Bxd2+ 4. Qxd2 Nf6 5. Nc3 d6 6. e3 O-O 7. Bd3 Qe7 8. Nge2 e5 9. O-O Nc6 10. Rad1 Bg4 11. f3 exd4 12. exd4 Bh5 13. Rfe1 Qd7 14. Nf4 Bg6 15. Nxg6 hxg6 16. Bc2 Rfe8 17. Ne4 Re7 18. Ba4 Qd8 19. Qf4 Nxe4 20. fxe4 Qf8 21. Rd3 Rae8 22. Bxc6 bxc6 23. Rh3 Re6 24. Qh4 f6 25. Qh7+ Kf7 26. Rg3 f5 27. Rf1 Ke7 28. Rxg6 Rxg6 29. Qxg6 Qf6 30.
Qxf6+ gxf6 31. Rxf5 Kf7 32. Rf4 Kg6 33. Kf2 Kg5 34. Kf3 Rh8 35. h4+ Kg6 36. Kg4 Rb8 37. b3 a5 38. Rf5 a4 39. h5+ Kg7 40.
Rf3 axb3 41. axb3 Re8 42. Kf5 Rh8 43. Rg3+ Kf7 44. Rh3 Rg8 45. g4 Rg5+ 46. Kf4 Kg7 47. h6+ Kh7 48. Rh5 Rg6 49. Kf5 c5 50. d5 Rg8 51. g5 1-0

[Event "Live Chess"]
[Site "Chess.com"]
[Date "2024.06.01"]
[Round "-"]
[White "Grace6363"]
[Black "Ferrarifan27"]
[Result "0-1"]
[WhiteElo "1149"]
[BlackElo "2067"]
[TimeControl "300"]
[EndTime "13:04:42 PDT"]
[Termination "Ferrarifan27 won by resignation"]

1. d4 Nf6 2. c4 e6 3. Nf3 b6 4. a3 Bb7 5. Nc3 Be7 6. Bf4 O-O 7.
e3 d6 8. Be2 Nbd7 9. h3 Re8 10.
O-O Bf8 11. Nd2 e5 12. dxe5 dxe5 13. Bg3 a5 14. f3 Bc5 15. Bf2 e4 16. f4 Qe7 17.
Bg3 Bxe3+ 18. Kh1 Rad8 19. Qc2 Nc5 20. Nb3 Nxb3 21. Qxb3 Rd2 22. Rad1 Red8 23. Be1 Rxd1 24. Nxd1 Bd2 25. Ne3 Bxe1 26. Rxe1 Qc5 27. Ng4 Nxg4 28.
Bxg4 Qf2 29. Qe3 Qxe3 30. Rxe3 g6 31. Be2 f5 32. g4 Rd2 33. b3 Kf7 34. a4 Ke7 35. gxf5 gxf5 36. h4 Kd6 37. Kh2 Kc5 38. Kh3 Kd4 39. Rg3 Rxe2 40. h5 Rf2 41. Kh4 Rxf4+ 42.
Kg5 Rg4+ 43. Rxg4 fxg4 44. Kxg4 e3 0-1

[Event "Live Chess"]
[Site "Chess.com"]
[Date "2024.06.01"]
[Round "-"]
[White "NottheBishopSacrifice"]
[Black "Brooms1989"]
[Result "1-0"]
[WhiteElo "2247"]
[BlackElo "1099"]
[TimeControl "300"]
[EndTime "13:04:45 PDT"]
[Termination "NottheBishopSacrifice won by resignation"]

1. g3 e5 2. Bg2 Nf6 3. e4 Nc6 4. Ne2 h5 5. h4 d6 6. O-O Be6 7. d4 exd4 8. Nxd4 Nxd4 9. Qxd4 Qd7 10. Bg5 Be7 11. Nc3 O-O-O 12. Qxa7 1-0

[Event "Live Chess"]
[Site "Chess.com"]
[Date "2024.06.01"]
[Round "-"]
[White "Tushinskiy"]
[Black "matt1979"]
[Result "1-0"]
[WhiteElo "2260"]
[BlackElo "1387"]
[TimeControl "300"]
[EndTime "13:04:51 PDT"]
[Termination "Tushinskiy won by resignation"]

1. d4 e6 2. c3 f5 3. Nf3 Nf6 4. Bf4 d6 5. Bg3 Be7 6. Nbd2 O-O 7. Qc2 Nc6 8. e4 fxe4 9. Nxe4 Nxe4 10. Qxe4 Qe8 11. Bd3 Bf6 12. Qxh7+ Kf7 13. Bg6+ Ke7 14. Bxe8 1-0

[Event "Live Chess"]
[Site "Chess.com"]
[Date "2024.06.01"]
[Round "-"]
[White "AndrewBak1"]
[Black "LL220284LL"]
[Result "0-1"]
[WhiteElo "1835"]
[BlackElo "2543"]
[TimeControl "300"]
[EndTime "13:04:59 PDT"]
[Termination "LL220284LL won by resignation"]

1. e4 g6 2. d4 Bg7 3. c4 d6 4. Nc3 Nd7 5. Be3 c6 6. Qd2 Qa5 7. Nf3 a6 8. Be2 b5 9. O-O Ngf6 10. h3 b4 11. Nd1 0-1

[Event "Live Chess"]
[Site "Chess.com"]
[Date "2024.06.01"]
[Round "-"]
[White "Enhard"]
[Black "Crowded_House"]
[Result "0-1"]
[WhiteElo "1423"]
[BlackElo "1738"]
[TimeControl "300"]
[EndTime "13:05:04 PDT"]
[Termination "Crowded_House won by resignation"]

1. d4 e6 2. Bf4 d5 3. e3 Bd6 4. Bxd6 Qxd6 5. c3 Nf6 6. Nf3 O-O 7. h3 Nbd7 8. Be2 c5 9. O-O b6 10. Nbd2 Bb7 11. a4 a5 12. Bb5 Bc6 13. Bxc6 Qxc6 14. Re1 Rfc8 15. Nb1 cxd4 16. exd4 Ne4 17. Na3 Nd6 18.
Nc2 Nc4 19. Qc1 Rcb8 20. Ne3 Nf6 21. Nxc4 Qxc4 22. Nd2 Qc6 23. f3 Re8 24. Qc2 Re7 25. Qd3 Rae8 26. Re5 g6 27. Nb1 Nd7 28. Re1 e5 29.
Qd1 e4 30. fxe4 Rxe4 31. Rxe4 Rxe4 32. Nd2 Re3 33. Nf3 Qe6 34. Qb3 Nf6 35. Rf1 Ne4 36.
Qd1 Ng3 37. Re1 Rxe1+ 38. Qxe1 Qxe1+ 39. Nxe1 Ne4 40. Nd3 f6 41. Kf1 Nd2+ 42. Ke2 Nc4 43. Kf3 g5 44. g3 Kf7 45. b3 Nd2+ 46. Kg4 Nxb3 47. Kf5 Nd2 48. h4 gxh4 49. gxh4 Nb1 50.
Nf4 Nxc3 51. h5 Nxa4 52. Nxd5 b5 53. Nxf6 b4 54. Nd5 b3 0-1

[Event "Live Chess"]
[Site "Chess.com"]
[Date "2024.06.01"]
[Round "-"]
[White "WelshTiger"]
[Black "Zhevzh1k7"]
[Result "1-0"]
[WhiteElo "2543"]
[BlackElo "1105"]
[TimeControl "300"]
[EndTime "13:05:21 PDT"]
[Termination "WelshTiger won by resignation"]

1. e4 c6 2. d4 d5 3. e5 c5 4.
dxc5 e6 5. Be3 Nc6 6. f4 Qa5+ 7.
Nd2 Bxc5 8. Bxc5 Qxc5 9. Ngf3 Nge7 10. g3 Nf5 11. Nb3 Ne3 12. Nxc5 Nxd1 13. Rxd1 b6 14. Bb5 bxc5 15. Bxc6+ Bd7 16. Bxa8 Ke7 1-0

[Event "Live Chess"]
[Site "Chess.com"]
[Date "2024.06.01"]
[Round "-"]
[White "Kyrylo7770"]
[Black "MaximKovalenko83"]
[Result "0-1"]
[WhiteElo "1670"]
[BlackElo "2240"]
[TimeControl "300"]
[EndTime "13:05:44 PDT"]
[Termination "MaximKovalenko83 won by checkmate"]

1. d4 d5 2. Nf3 Nf6 3. Bf4 c5 4. e3 Nc6 5. c3 Bg4 6. Be2 e6 7. h3 Bh5 8. Ne5 Bxe2 9. Qxe2 Bd6 10. Qb5 Bxe5 11. Bxe5 O-O 12. Qxc5 Nxe5 13. dxe5 Ne4 14. Qd4 Qg5 15. O-O b6 16. f4 Qg3 17. Rf3 Qe1+ 18. Kh2 Rac8 19. f5 Rc4 20. Qd3 Nf2 21. Qc2 Qh1+ 22.
Kg3 Ne4+ 23. Kg4 Nxc3+ 24. Kg5 Ne4+ 25. Kh5 Rxc2 26. f6 Qxg2 27. Rf4 Qg5# 0-1

[Event "Live Chess"]
[Site "Chess.com"]
[Date "2024.06.01"]
[Round "-"]
[White "KeithArkell"]
[Black "Eva3337"]
[Result "1-0"]
[WhiteElo "2457"]
[BlackElo "1153"]
[TimeControl "300"]
[EndTime "13:05:51 PDT"]
[Termination "KeithArkell won by resignation"]

1. d4 Nc6 2. Nf3 d5 3. c4 Be6 4.
cxd5 Bxd5 5. e3 Qd6 6. Nc3 O-O-O 7. Nxd5 Qxd5 8. Be2 e6 9. O-O Nf6 10. Qa4 a6 11. Bd2 Bd6 12. Rfc1 e5 13. Bxa6 exd4 14.
Rxc6 1-0

[Event "Live Chess"]
[Site "Chess.com"]
[Date "2024.06.01"]
[Round "-"]
[White "Silverback7829"]
[Black "vincents82"]
[Result "0-1"]
[WhiteElo "998"]
[BlackElo "2095"]
[TimeControl "300"]
[EndTime "13:05:54 PDT"]
[Termination "vincents82 won by checkmate"]

1. d4 d5 2. Nf3 Nf6 3. e3 Bf5 4.
Nc3 c6 5. Bd3 Bxd3 6. Qxd3 e6 7.
a4 Nbd7 8. b3 Bb4 9. Bd2 O-O 10.
O-O Bxc3 11. Bxc3 Ne4 12. Bb4 Re8 13. Qd1 e5 14. dxe5 Nxe5 15. Nxe5 Rxe5 16. f4 Re8 17. Qg4 Nf6 18. Qe2 Qb6 19. Rad1 Rxe3 20. Qd2 Rxb3+ 21. Kh1 Rxb4 22. Rde1 Re4 23. Rxe4 Nxe4 24.
Qd3 Nf2+ 25. Rxf2 Qxf2 26. h3 Re8 27. Qf5 Qg3 28. Qd7 Re1# 0-1

[Event "Live Chess"]
[Site "Chess.com"]
[Date "2024.06.01"]
[Round "-"]
[White "bonantagulo"]
[Black "jimwad"]
[Result "1-0"]
[WhiteElo "2109"]
[BlackElo "1269"]
[TimeControl "300"]
[EndTime "13:05:59 PDT"]
[Termination "bonantagulo won by resignation"]

1. d4 d5 2. c4 c6 3. Nc3 Nf6 4. Nf3 Bf5 5. cxd5 Nxd5 6. g3 Nxc3 7. bxc3 e6 8. Bg2 Qa5 9. Qb3 Qa6 10. O-O Be7 11.
Bg5 Bxg5 12. Nxg5 O-O 13. e4 Bg6 14. e5 Bd3 15. Rfe1 Bc4 16. Qc2 g6 17. Ne4 Bd3 18. Nf6+ Kg7 19. Qd2 Bf5 20. h4 h5 21. Qg5 Qd3 22.
Nxh5+ Kh7 23. Nf6+ Kg7 24. h5 Rh8 25. h6+ Rxh6 26. Ne8+ Kh7 27. Qf6 1-0

[Event "Live Chess"]
[Site "Chess.com"]
[Date "2024.06.01"]
[Round "-"]
[White "SavagePawn7"]
[Black "Stanbad1"]
[Result "0-1"]
[WhiteElo "680"]
[BlackElo "2667"]
[TimeControl "300"]
[EndTime "13:06:26 PDT"]
[Termination "Stanbad1 won by resignation"]

1. e4 e6 2. d4 d5 3. c4 dxe4 4. d5 exd5 5. cxd5 Nf6 6. Nc3 Bd6 7.
Bc4 O-O 8. f3 Re8 9. fxe4 Nxe4 10. Nxe4 Qh4+ 11. g3 Qxe4+ 12. Ne2 Qxh1+ 13. Kd2 Qxd1+ 14. Kxd1 Bg4 0-1

[Event "Live Chess"]
[Site "Chess.com"]
[Date "2024.06.01"]
[Round "-"]
[White "nigelst"]
[Black "peteopeteo"]
[Result "1-0"]
[WhiteElo "1657"]
[BlackElo "1593"]
[TimeControl "300"]
[EndTime "13:06:32 PDT"]
[Termination "nigelst won by resignation"]

1. e4 c6 2. d4 d5 3. exd5 cxd5 4. Bd3 Nf6 5. c3 Nc6 6. Bf4 Qb6 7. Qb3 Qxb3 8. axb3 e6 9. Nf3 a6 10. Nbd2 Be7 11. O-O O-O 12. Rfe1 b5 13. b4 Rd8 14. Bxb5 axb5 15. Rxa8 Bb7 16. Rxd8+ Bxd8 17. Ne5 Nxe5 18. Bxe5 Nd7 19. Bg3 Bg5 20. Nf3 Bh6 21. Ne5 Nf6 22. f3 Nh5 23. Nd7 f5 24. Be5 Bf4 25.
Nc5 Bc6 26. Ra1 Bxe5 27. dxe5 d4 28. cxd4 Bd5 29. Ra7 Nf4 30. Kf2 h6 31. Ra5 Bc4 32. b3 Nd3+ 33. Nxd3 Bxd3 34. Ke3 Bf1 35. g3 Kf7 36. g4 Kg6 37. Ra7 fxg4 38. fxg4 Bh3 39. Kf4 h5 40. gxh5+ Kxh5 41. Rxg7 Bf5 42. Rb7 Kh4 43. Rxb5 Kh3 44. Rc5 Kxh2 45. b5 Bc2 46. b6 Bxb3 47. b7 1-0

[Event "Live Chess"]
[Site "Chess.com"]
[Date "2024.06.01"]
[Round "-"]
[White "sebmoran1"]
[Black "MaksymYurii"]
[Result "1-0"]
[WhiteElo "1477"]
[BlackElo "932"]
[TimeControl "300"]
[EndTime "13:06:51 PDT"]
[Termination "sebmoran1 won by checkmate"]

1. e4 e5 2. Nf3 Nc6 3. Bb5 d6 4. d4 Bd7 5. dxe5 dxe5 6. Bxc6 Bxc6 7. Qxd8+ Rxd8 8. Nxe5 Bxe4 9. O-O Bxc2 10. Re1 Be7 11. Nc3 Nf6 12. Bg5 Bb4 13. Bxf6 gxf6 14. Nc6+ Kf8 15. Nxd8 Bxc3 16. bxc3 Kg7 17. Rac1 Bd3 18. Nxb7 Ba6 19. Nc5 Bc8 20. Re7 Rg8 21. Rxc7 Bf5 22. Re1 Rd8 23. h3 h5 24. Ne6+ Bxe6 25. Rxe6 Kg6 26.
Ree7 h4 27. Rxf7 f5 28. Rg7+ Kh5 29. Rxa7 f4 30. Rh7+ Kg5 31. c4 f3 32. gxf3 Kf4 33. c5 Kxf3 34. Raf7+ Ke2 35. c6 Ke1 36. c7 Rd1 37.
Re7+ Kd2+ 38. Kg2 Rc1 39. Rd7+ Ke2 40. Rhe7# 1-0

[Event "Live Chess"]
[Site "Chess.com"]
[Date "2024.06.01"]
[Round "-"]
[White "GoldsmanB"]
[Black "AndrewBak1"]
[Result "0-1"]
[WhiteElo "1088"]
[BlackElo "1835"]
[TimeControl "300"]
[EndTime "13:07:00 PDT"]
[Termination "AndrewBak1 won by resignation"]

1. d4 d5 2. Bf4 Nf6 3. e3 c5 4.
c3 Nc6 5. Nf3 Qb6 6. b3 Bf5 7.
Bd3 Ne4 8. O-O h6 9. dxc5 Qxc5 10. b4 Qb6 11. Nbd2 Nxc3 12. Qc2 Ne2+ 13. Kh1 Nxb4 14. Qb1 Bxd3 0-1

[Event "Live Chess"]
[Site "Chess.com"]
[Date "2024.06.01"]
[Round "-"]
[White "JanMur7"]
[Black "dl_chess"]
[Result "1-0"]
[WhiteElo "2316"]
[BlackElo "1183"]
[TimeControl "300"]
[EndTime "13:07:12 PDT"]
[Termination "JanMur7 won on time"]

1. c4 Nf6 2. Nc3 g6 3. d4 Bg7 4.
e4 d6 5. Be2 O-O 6. Bg5 Nbd7 7.
g4 h6 8. Be3 e5 9. d5 a6 10. h4 Nc5 11. f3 c6 12. h5 g5 13.
Nh3 cxd5 14. cxd5 Bd7 15. b4 Ncxe4 16. Nxe4 Nxe4 17. fxe4 Rc8 18. O-O Rc3 19. Qd2 Qc7 20. Rfc1 Rc8 21. Rxc3 Qxc3 22. Rc1 Qxd2 23. Rxc8+ Bxc8 24. Bxd2 Bd7 25. Nf2 b5 26. Be3 Bc8 27. Bb6 f6 28.
Bc7 Bf8 29. Kg2 Kf7 30. Kf3 Ke8 31. Nd1 Kd7 32. Bb6 Be7 33. Nc3 Bb7 34. a4 Kc8 35. axb5 axb5 36. Bxb5 Kb8 37. Bc6 Ka8 38. Nb5 Bxc6 39.
dxc6 Kb8 40. c7+ Kc8 41. Na7+ Kb7 42. c8=Q+ 1-0

[Event "Live Chess"]
[Site "Chess.com"]
[Date "2024.06.01"]
[Round "-"]
[White "Pedrada88"]
[Black "Dhaydon19"]
[Result "1/2-1/2"]
[WhiteElo "2546"]
[BlackElo "2664"]
[TimeControl "300"]
[EndTime "13:07:14 PDT"]
[Termination "Game drawn by repetition"]

1. Nf3 Nf6 2. c4 b6 3. Nc3 Bb7 4. d3 e6 5. e4 c5 6. Bf4 d6 7. Be2 Nc6 8. O-O Be7 9. Qd2 O-O 10. h3 e5 11. Bh2 Nd4 12. Nxd4 cxd4 13. Nd5 Nxd5 14.
cxd5 Rc8 15. f4 Bf6 16. Rac1 Qe7 17. Bg4 Rxc1 18. Rxc1 g6 19. Qc2 Ba6 20. Be2 Rc8 21. Qd2 Rxc1+ 22. Qxc1 h5 23. Qc6 Bb7 24. Qa4 Bc8 25.
fxe5 dxe5 26. Bg3 Kg7 27. Be1 Qc5 28. Qc6 Qxc6 29. dxc6 Kf8 30. Bb4+ Be7 31. Bd2 Ke8 32.
a4 a5 33. Bd1 Be6 34. g4 hxg4 35. Bxg4 Bxg4 36. hxg4 Kd8 37. Bh6 Kc7 38. Bg7 Bd6 39. Bh6 Kxc6 40. Kf2 Kc5 41. Bd2 Be7 42. Kf3 Bh4 43.
Kg2 Bd8 44. Kf3 Kc6 45. Ke2 Be7 46. Kf3 Bb4 47. Bg5 b5 48. b3 Bd6 49. Bd8 Bc7 50. axb5+ Kb7 51. Be7 Kb6 52. Bg5 Kxb5 53. Bd2 a4 54. bxa4+ Kxa4 55. Bg5 Kb3 56. Ke2 Bd6 57. Bf6 Kb4 58. Bg5 Kb5 59. Bf6 Kc6 60. Kf3 Kd7 61. Bg5 Ke6 62. Bd2 Bf8 63. Bc1 Bg7 64.
Bd2 Bf6 65. Bc1 Be7 66. Bd2 Ba3 67.
Bg5 f6 68. Bd2 Kf7 69. Ke2 f5 70. gxf5 gxf5 71. exf5 Kf6 72. Kf3 Kxf5 73. Bh6 Be7 74. Bd2 Bg5 75. Be1 Bf4 76. Bb4 Be3 77. Be1 Bf4 78.
Bb4 Bg5 79. Be1 Be7 80. Bd2 Ba3 81. Be1 Bb2 82. Bd2 Bc3 83. Bc1 Be1 84. Bh6 Bh4 85. Bd2 Bg5 86. Be1 1/2-1/2

[Event "Live Chess"]
[Site "Chess.com"]
[Date "2024.06.01"]
[Round "-"]
[White "MagnersCarlsberg2870"]
[Black "defenderalist"]
[Result "1/2-1/2"]
[WhiteElo "1805"]
[BlackElo "1512"]
[TimeControl "300"]
[EndTime "13:07:15 PDT"]
[Termination "Game drawn by agreement"]

1. d4 Nf6 2. Nf3 e6 3. e3 d5 4. Bd3 c5 5. c3 Nc6 6. Nbd2 Bd6 7. Qe2 O-O 8. O-O c4 9. Bc2 b5 10. e4 Bf4 11. e5 Ne8 12. g3 Bh6 13. Ne1 f6 14.
Ndf3 Bxc1 15. Rxc1 fxe5 16. Nxe5 Nxe5 17. Qxe5 Qf6 18.
Qh5 g6 19. Qe2 Nd6 20. f4 Nf5 21. Nf3 Nh6 22. Ne5 Nf7 23. Ng4 Qg7 24. Rce1 Bd7 25.
Kh1 a5 26. Ne5 Nxe5 27. fxe5 b4 28. Rf2 Rxf2 29. Qxf2 Rf8 30. Qe2 Qh6 31. cxb4 axb4 32.
a3 b3 33. Bd1 1/2-1/2

[Event "Live Chess"]
[Site "Chess.com"]
[Date "2024.06.01"]
[Round "-"]
[White "PureDashingOctopus"]
[Black "Duke_of_Bebington"]
[Result "1-0"]
[WhiteElo "2269"]
[BlackElo "1592"]
[TimeControl "300"]
[EndTime "13:07:17 PDT"]
[Termination "PureDashingOctopus won by resignation"]

1. e4 e5 2. Nf3 Nf6 3. Nxe5 d6 4. Nf3 Nxe4 5. d4 d5 6. Bd3 Bd6 7. O-O O-O 8. Nbd2 Nxd2 9. Bxd2 Bg4 10. h3 Bh5 11. c3 Nd7 12. Re1 Nf6 13. Bg5 Bg6 14. Qc2 Qd7 15. Bxf6 gxf6 16. Nh4 Kg7 17. Bf5 Qc6 18.
Qe2 Rae8 19. Qg4 a5 20. Rxe8 Rxe8 21. Bd7 Re4 22. Bxc6 Rxg4 23. hxg4 bxc6 24. Nf5+ Bxf5 25. gxf5 Kh6 26. Re1 Kg5 27. Re8 Kxf5 28. Ra8 c5 29. dxc5 Bxc5 30. Rxa5 Bb6 31. Rxd5+ Ke6 32. Rd8 1-0